 Dungeon Crawl Stone Soup version 0.26-a0-835-g8259106e14 (webtiles) character file.

Game seed: 6636736847733102443

4792 KristoblXynda the Covert (level 10, -4/56 HPs)
             Began as an Octopode Enchanter on Nov 17, 2020.
             Was a Believer of Vehumet.
             Slain by an ice beast (10 damage)
             ... on level 9 of the Dungeon.
             The game lasted 00:22:08 (13603 turns).

KristoblXynda the Covert (Octopode Enchanter)      Turns: 13603, Time: 00:22:08

Health: -4/56      AC:  5    Str:  7    XL:     10   Next: 48%
Magic:  20/20      EV: 18    Int: 21    God:    Vehumet [**....]
Gold:   525        SH:  0    Dex: 19    Spells: 14/22 levels left

rFire    . . .     SeeInvis .   t - +4 dagger (flame)
rCold    . . .     Faith    .   (no shield)
rNeg     + + .     Spirit   .   (helmet restricted)
rPois    .         Reflect  .   (no amulet)
rElec    .         Harm     .   p - +6 ring of dexterity
rCorr    .         Rampage  .   q - ring of flight
MR       .....                  a - ring of positive energy
Stlth    ++++++....             d - +4 ring of protection
HPRegen  0.18/turn              z - ring of positive energy
MPRegen  0.17/turn              (no ring)
                                (no ring)
                                (no ring)

@: no status effects
A: almost no armour, stealthy swim, amphibious, 8 rings, constrict 8, camouflage
1, gelatinous body 1
a: Renounce Religion, Evoke Flight


You were on level 9 of the Dungeon.
You worshipped Vehumet.
Vehumet was pleased with you.
You visited 2 branches of the dungeon, and saw 10 of its levels.

You collected 525 gold pieces.

Inventory:

Hand Weapons
 g - the +7 Singing Sword {vorpal, sonic wave}
   (You found it on level 7 of the Dungeon)

   It inflicts extra damage upon your enemies.
 t - a +4 dagger of flaming (weapon)
Armour
 n - a +3 kite shield
Jewellery
 a - a ring of positive energy (on tentacle)
 d - a +4 ring of protection (on tentacle)
 p - a +6 ring of dexterity (left tentacle)
 q - a ring of flight (right tentacle)
 z - a ring of positive energy (on tentacle)
Wands
 r - a wand of polymorph (18)
 s - a wand of iceblast (18)
Scrolls
 c - 3 scrolls of remove curse
 h - 7 scrolls of teleportation
 l - 3 scrolls of magic mapping
 m - 2 scrolls of immolation
 v - a scroll of amnesia
 y - a scroll of enchant weapon
Potions
 b - 2 potions of might
 e - a potion of cancellation {unknown}
 f - 3 potions of berserk rage
 i - a potion of lignification
 j - a potion of ambrosia
 k - a potion of mutation
 o - 7 potions of curing
 u - 2 potions of attraction
 w - a potion of haste
 A - a potion of flight
 B - a potion of magic
Miscellaneous
 x - a condenser vane


   Skills:
 + Level 4.9 Short Blades
 - Level 7.0 Dodging
 - Level 10.2 Stealth
 + Level 6.7 Spellcasting
 + Level 1.8 Conjurations
 + Level 8.3 Hexes


You had 14 spell levels left.
You knew the following spells:

 Your Spells              Type           Power        Failure   Level
a - Mephitic Cloud        Conj/Pois/Air  #.......     22%         3
b - Ensorcelled Hibernat  Hex/Ice        ###...       2%          2
c - Tukima's Dance        Hex            #####...     1%          3

Your spell library contained the following spells:

 Spells                   Type           Power        Failure   Level
 Freeze                   Ice            #...         9%          1
 Corona                   Hex            #####..      1%          1
 Confusing Touch          Hex            #####...     1%          3
 Dazzling Flash           Conj/Hex       ####..       3%          3
 Sting                    Tmut/Pois      #...         9%          1
 Poisonous Vapours        Pois/Air       #.....       14%         2
 Ignite Poison            Fire/Tmut/Pois #.......     26%         3
 Olgreb's Toxic Radiance  Pois           #.......     65%         4


Dungeon Overview and Level Annotations

Branches:
Dungeon (9/15)             Temple (1/1) D:6
   Lair: D:8-11         Orc: D:9-12

Altars:
Ashenzari
Cheibriados
Dithmenos
Elyvilon
Fedhas
Gozag
Hepliaklqana
Kikubaaqudgha
Makhleb
Nemelex Xobeh
Okawaru
Qazlal
Ru
Sif Muna
Trog
Uskayaw
Vehumet
Wu Jian
Xom
Yredelemnul
Zin
The Shining One
Beogh

Annotations:
D:7 2 transporters, Riddle's ghost, novice NaEn
D:8 exclusion: oklob plant


Innate Abilities, Weirdness & Mutations

You cannot wear most types of armour.
You are very stealthy in the water. (Stealth+)
You are amphibious.
You can wear up to eight rings at the same time.
You can use your tentacles to constrict eight enemies at once.
Your skin changes colour to match your surroundings (Stealth+).
Your rubbery body absorbs attacks. (AC +1, EV +1)


Message History

The ice beast hits you. The ice beast freezes you!
You hit the ice beast.
You melt the ice beast.
You squeeze the ice beast.
The ice beast is severely wounded.
You hit the ice beast but do no damage.
The ice beast is severely wounded.
The ice beast hits you. The ice beast freezes you!
You hit the ice beast.
You melt the ice beast.
Your squeeze misses the ice beast.
The ice beast is almost dead.
The ice beast hits you. The ice beast freezes you!
* * * LOW HITPOINT WARNING * * *
You hit the ice beast but do no damage.
The ice beast is almost dead.
The ice beast completely misses you.
You hit the ice beast.
You melt the ice beast.
The ice beast is almost dead.
The ice beast hits you.
* * * LOW HITPOINT WARNING * * *
The ice beast freezes you!
You die...

#.......#
#.######.#.########
.........
...................
........##
#..#####.##.#######
Y#.....## ##(#
#.##.# # ##.... #
#.# #.##.# ##.#.
##..###.#####.##.#
# #...
..............##.#
# ...###.########.#
# #@# #.# #
#.###Y#### #.# #
#....K...#
##.#######
#........#
#.#.......
#......?.#
##.#######
...#.......# ### #
..#........# # .
#........# #
#........# #


You could see an ice beast and a kobold.

Vanquished Creatures
  A two-headed ogre (D:8)
  Pikel (D:5)
  Maggie (D:8)
  Prince Ribbit (D:8)
  Edmund (D:4)
  3 orc warriors
  An ice beast (D:5)
  A black bear (D:7)
  A phantom (D:4)
  An eye of draining (D:9)
  2 sky beasts
  A centaur (D:9)
  4 lemures
  A big kobold (D:9)
  2 bullfrogs
  A water moccasin zombie (D:6)
  9 scorpions
  8 killer bees
  An electric eel (D:8)
  3 wights (D:8)
  A howler monkey (D:6)
  A bullfrog zombie (D:8)
  2 hounds
  A quasit (D:5)
  6 orc priests
  3 orc wizards
  2 bullfrog skeletons (D:4)
  2 iguanas
  A centaur skeleton (D:4)
  6 worker ants
  A killer bee zombie (D:8)
  2 hound zombies
  A howler monkey zombie (D:5)
  A howler monkey skeleton (D:5)
  15 adders
  A shadow imp (D:5)
  A white imp (D:7)
  An adder skeleton (D:4)
  2 worms
  3 dart slugs
  4 leopard geckos
  36 orcs
  9 bats
  A giant cockroach (D:1)
  6 goblins
  6 hobgoblins
  2 quokkas (D:2)
  6 ball pythons
  6 frilled lizards
  6 kobolds
  2 leopard gecko skeletons
  4 rats
185 creatures vanquished.

Vanquished Creatures (others)
  A dancing weapon (D:4)
  3 fungi (D:7)
4 creatures vanquished.

Grand Total: 189 creatures vanquished

Notes
Turn   | Place    | Note
-------+----------+-------------------------------------------
     0 | D:1      | KristoblXynda the Octopode Enchanter began the quest for
                  | the Orb.
     0 | D:1      | Reached XP level 1. HP: 11/11 MP: 3/3
   290 | D:1      | Reached XP level 2. HP: 17/17 MP: 5/5
  1029 | D:2      | Reached XP level 3. HP: 11/21 MP: 6/6
  1174 | D:2      | Learned a level 2 spell: Ensorcelled Hibernation
  1178 | D:2      | Learned a level 3 spell: Tukima's Dance
  1561 | D:2      | Reached skill level 5 in Stealth
  1790 | D:2      | Reached XP level 4. HP: 16/27 MP: 7/7
  1941 | D:2      | Found a bloodstained altar of Trog.
  2228 | D:2      | HP: 1/27 [poisoned by an adder]
  3028 | D:2      | Reached XP level 5. HP: 31/31 MP: 8/8
  5308 | D:3      | Reached skill level 6 in Stealth
  5780 | D:4      | Noticed Edmund
  5799 | D:4      | Killed Edmund
  5800 | D:4      | Reached XP level 6. HP: 16/36 MP: 3/9
  6254 | D:4      | Noticed a phantom
  6363 | D:4      | Killed a phantom
  6364 | D:4      | Reached skill level 7 in Stealth
  6364 | D:4      | Reached XP level 7. HP: 14/41 MP: 11/11
  6614 | D:4      | Found a basalt altar of Yredelemnul.
  6634 | D:4      | Reached skill level 5 in Hexes
  6933 | D:4      | Found an iron altar of Okawaru.
  7251 | D:5      | Entered Level 5 of the Dungeon
  7257 | D:5      | Found a blossoming altar of Fedhas.
  7380 | D:5      | Reached XP level 8. HP: 18/46 MP: 6/13
  7727 | D:5      | Noticed Pikel
  7832 | D:5      | Killed Pikel
  7833 | D:5      | Reached skill level 8 in Stealth
  8175 | D:5      | Found an ornate altar of the Wu Jian Council.
  8176 | D:5      | Found a hide-covered altar of Uskayaw.
  8177 | D:5      | Found a bloodstained altar of Trog.
  8494 | D:6      | Reached skill level 5 in Dodging
  8691 | D:6      | Reached skill level 9 in Stealth
  8844 | D:6      | Found a staircase to the Ecumenical Temple.
  8865 | Temple   | Entered the Ecumenical Temple
  8987 | Temple   | Became a worshipper of Vehumet
  9087 | D:6      | Reached XP level 9. HP: 51/51 MP: 16/16
  9463 | D:7      | Found a transporter.
  9464 | D:7      | Noticed Riddle's ghost (novice NaEn)
  9478 | D:7      | Noticed a moth of wrath
  9585 | D:7      | Found a transporter.
  9666 | D:7      | Reached skill level 5 in Spellcasting
 10694 | D:7      | Reached skill level 10 in Stealth
 10771 | D:7      | Learned a level 3 spell: Mephitic Cloud
 10877 | D:7      | Found the +7 Singing Sword {vorpal, sonic wave}
 11704 | D:8      | Reached * piety under Vehumet
 11704 | D:8      | Offered knowledge of Foxfire by Vehumet.
 11949 | D:8      | Found a roughly hewn altar of Beogh.
 11965 | D:8      | Noticed a two-headed ogre
 11982 | D:8      | Killed a two-headed ogre
 11983 | D:8      | Reached XP level 10. HP: 36/56 MP: 9/19
 12338 | D:8      | Found a shimmering altar of Xom.
 12499 | D:8      | Found a glowing silver altar of Zin.
 12499 | D:8      | Noticed an oklob plant
 12501 | D:8      | Noticed Prince Ribbit
 12520 | D:8      | Killed Prince Ribbit
 12520 | D:8      | Offered knowledge of Freeze by Vehumet.
 12871 | D:8      | Reached ** piety under Vehumet
 13156 | D:8      | Noticed Maggie
 13164 | D:8      | Killed Maggie
 13165 | D:8      | Reached skill level 1 in Conjurations
 13603 | D:9      | Slain by an ice beast

Illustrated notes

Levels and vault maps discovered:
D:1:      lightli_arrival_farm, layout_basic
D:2:      layout_basic, trog_butcher_becter
D:3:      layout_basic, serial_co_window_serial, co_window_corner_a,
          co_window_paths_a, co_window_paths_a, co_window_corner_a,
          co_window_corner_a, co_window_broadway_a, co_window_corner_cb,
          co_window_2corner, co_window_corner_b, co_window_2corner,
          co_window_paths_e, co_window_paths_d, glass_columns_a,
          glass_columns_a, glass_columns_b, glass_columns_b
D:4:      layout_basic, kennysheep_mini, nicolae_overflow_crystal_walls,
          minmay_three_crescents, uniq_edmund
D:5:      layout_loops_ring, gammafunk_temple_overflow_claw, basic_altar,
          uniq_pikel
D:6:      cheibrodos_quashed, layout_basic, minmay_temple_entry_overgrown
D:7:      old_forge, layout_layer_cave, gammafunk_ghost_berserking_beasts,
          grunt_decor_fettered, bh_walls_and_bars
D:8:      layout_basic, overflow_temple_1_default, special_room
          [special_room_orc], lemuel_oklob_altar, uniq_maggie,
          uniq_prince_ribbit1
D:9:      layout_loops_ring, lemuel_mausoleum_altar_kikubaaqudgha
Temple:   kb_temple_of_zot

Skill      XL: |  1  2  3  4  5  6  7  8  9 10 |
---------------+-------------------------------+-----
Short Blades   | 2 3 4 |  4.9
Stealth        | 5 6 7 9 10 | 10.2
Hexes          | 4 5 6 7 8 |  8.3
Dodging        | 3 4 5 6 7 |  7.0
Spellcasting   | 3 4 6 |  6.7
Conjurations   | 1 |  1.8

Action                   |  1- 3 |  4- 6 |  7- 9 | 10-12 || total
-------------------------+-------+-------+-------+-------++-------
Melee: Dagger            |    50 |   146 |   190 |   122 ||   508
       Tentacles         |     6 |    33 |    27 |    15 ||    81
       Constrict         |     9 |    22 |    38 |    13 ||    82
 Cast: Ensorcelled Hiber |       |    15 |    53 |    10 ||    78
       Tukima's Dance    |       |     2 |     1 |       ||     3
Evoke: Wand              |       |       |     3 |       ||     3
  Use: Potion            |       |     4 |     2 |       ||     6
       Scroll            |       |     8 |    15 |     1 ||    24
 Stab: Sleeping          |    11 |    18 |    33 |    17 ||    79
       Distracted        |       |       |       |     1 ||     1
Armor: Skin              |       |     2 |    62 |     7 ||    71
Dodge: Dodged            |    20 |    72 |   165 |    70 ||   327

Table legend: (Time is in decaauts)
 A = Elapsed time spent in this place.
 B = Non-inter-level travel time spent in this place.
 C = Inter-level travel time spent in this place.
 D = Time resting spent in this place.
 E = Time spent auto-exploring this place.
 F = Levels seen in this place.
 G = Mean time per level.
                   A        B        C        D        E       F      G
               +--------+--------+--------+--------+--------+-----+--------+
         Total |  13548 |  13313 |    235 |   6112 |   5268 |  10 | 1354.8 |
       Dungeon |  13399 |  13189 |    210 |   6112 |   5186 |   9 | 1488.8 |
        Temple |    148 |    123 |     25 |      0 |     82 |   1 |  148.0 |
               +--------+--------+--------+--------+--------+-----+--------+

Top non-repeatable levels by time:
     D:2: 2288 daAuts
     D:3: 2130 daAuts
     D:7: 2117 daAuts
     D:4: 1892 daAuts
     D:8: 1542 daAuts
     D:6: 1055 daAuts
     D:5: 1015 daAuts
     D:1: 1014 daAuts
     D:9: 344 daAuts
  Temple: 148 daAuts
